 Dungeon Crawl Stone Soup version 0.25-a0-665-ga69d64035b (webtiles) character file.

Game seed: 5405904536246069338, levelgen mode: deterministic

151 n0claF the Chopper (level 5, 0/47 HPs)
             Began as a Hill Orc Fighter on Mar 26, 2020.
             Splashed by an orc wizard's acid (11 damage)
             ... on level 2 of the Dungeon.
             The game lasted 00:03:44 (1959 turns).

n0claF the Chopper (Hill Orc Fighter)               Turns: 1959, Time: 00:03:45

Health: 0/47       AC:  3    Str: 20    XL:     5   Next: 33%
Magic:  5/5        EV:  7    Int:  8    God:
Gold:   111        SH:  9    Dex: 10    Spells: 4/4 levels left

rFire    . . .     SeeInvis .   a - +0 war axe
rCold    . . .     Gourm    .   c - +0 kite shield
rNeg     . . .     Faith    .   b - +0 scale mail
rPois    .         Spirit   .   (no helmet)
rElec    .         Reflect  .   (no cloak)
rCorr    .         Harm     .   (no gloves)
MR       .....                  (no boots)
Stlth    ..........             (no amulet)
HPRegen  0.15/turn              (no ring)
MPRegen  0.09/turn              (no ring)

@: mighty, corroded
A: no striking features
a: no special abilities


You were on level 2 of the Dungeon.
You were hungry.

You visited 1 branch of the dungeon, and saw 2 of its levels.

You collected 111 gold pieces.

Inventory:

Hand Weapons
 a - a +0 war axe (weapon)
Armour
 b - a +0 scale mail (worn)
 c - a +0 kite shield (worn)
Jewellery
 m - an uncursed amulet of the acrobat
   (You took it off a hobgoblin on level 1 of the Dungeon)
 q - a cursed amulet of inaccuracy {unknown}
   (You found it on level 2 of the Dungeon)
 s - an uncursed ring of protection from cold {unknown}
   (You found it on level 2 of the Dungeon)
Scrolls
 f - 2 scrolls of enchant weapon {unknown}
 h - a scroll of fog {unknown}
 i - 4 scrolls of identify {unknown}
 j - a scroll of remove curse {unknown}
 l - 2 scrolls of amnesia {unknown}
 n - a scroll of magic mapping {unknown}
Potions
 k - 2 potions of heal wounds {unknown}
 o - a potion of haste {unknown}
 p - a potion of curing {unknown}
 r - a potion of brilliance {unknown}
Comestibles
 e - 2 rations {!d}


   Skills:
 + Level 4.5 Fighting
 * Level 4.9 Axes
 + Level 4.1 Armour
 + Level 4.1 Shields


You had 4 spell levels left.
You didn't know any spells.
Your spell library was empty.

Dungeon Overview and Level Annotations

Branches:
Dungeon (2/15)

Altars:
Dithmenos

Annotations:
D:2 1 transporter


Message History

There is a stone staircase leading down here.
There is an open door here.
There is an open door here.
The orc wizard shouts!
The adder hisses angrily. x2
The worker ant twitches its antennae in your direction.
There is a transporter here.
You feel very mighty all of a sudden.
You enter the transporter and appear at another place.
The orc wizard hits you with a +0 dagger.
The adder bites you but does no damage.
You miss the orc wizard. You closely miss the adder. You closely miss the rat.
You block the orc wizard's attack.
The rat twitches its whiskers.
The rat bites you but does no damage.
The orc wizard zaps a wand.
The bolt of acid misses you.
You closely miss the orc wizard. You hit the rat.
You kill the rat!
You slash the adder!
You kill the adder!
Your Shields skill increases to level 4!
You have reached level 5!
You feel stronger.
You hit the worker ant. You slash the adder! The worker ant barely misses you.
The adder barely misses you.
The orc wizard hits you but does no damage.
You block the worker ant's attack. The adder bites you but does no damage.
You miss the orc wizard. You hit the worker ant. You barely miss the adder.
You block the adder's attack. The worker ant barely misses you.
The orc wizard zaps a wand.
The bolt of acid misses you. You block the adder's attack.
The worker ant barely misses you.
Your shield and scale mail prevent you from hitting the orc wizard.
You barely miss the adder. You slash the worker ant!
You kill the worker ant!
The orc wizard closely misses you. You block the adder's attack.
The orc wizard hits you but does no damage.
You block the adder's attack.
Unknown command.
You closely miss the orc wizard. You miss the adder.
The adder bites you but does no damage.
The orc wizard zaps a wand.
The bolt of acid hits you! The acid corrodes you!
You are splashed with acid!
You slash the orc wizard! You hit the adder.
You kill the adder!
The orc wizard zaps a wand.
The bolt of acid hits you!!
* * * LOW HITPOINT WARNING * * *
You are splashed with acid!
You die...

###.### ##.....©.....#####.#.# #
#.# #..#########..# #.#.### #.#
#.##8$._.$8##.# #...... ###.####
#.#..?[$.!..#.# ###..## #......#
#.#..#...#..#.# #####.#
#.#.##)###.#.#.....#.#.###.###.#
#.#>#...##.#©........#.##...##.##
#.#........#.#.....#.#...........
#.#.#...##.#..#†@.#..#.##...##.##
#.#.##.###.#...†.o.).#.###.###.#
#......# #.##8.....8##.# #.....##
#####.## #..#########..# #.#.....
#.# ##.....©.....## #.#...## #.#
#####...##### #.#...# #.# #####
##.## #.#..## #.###...####<##
#.#..# #.##.....##...## #.#..###


You could see an orc wizard.

Vanquished Creatures
  A worker ant (D:2)
  4 adders (D:2)
  2 oozes
  A worm (D:2)
  A dart slug (D:1)
  3 leopard geckos
  10 giant cockroaches
  8 goblins
  6 hobgoblins
  6 jackals
  A quokka (D:2)
  A ball python (D:1)
  10 bats
  4 frilled lizards
  7 kobolds
  7 rats
72 creatures vanquished.

Notes
Turn   | Place    | Note
-------+----------+-------------------------------------------
     0 | D:1      | n0claF the Hill Orc Fighter began the quest for the Orb.
     0 | D:1      | Reached XP level 1. HP: 19/19 MP: 1/1
    26 | D:1      | Reached XP level 2. HP: 23/27 MP: 2/2
   161 | D:1      | Reached XP level 3. HP: 23/33 MP: 3/3
   956 | D:2      | Reached XP level 4. HP: 34/40 MP: 4/4
  1422 | D:2      | Found a transporter.
  1461 | D:2      | Found a transporter.
  1611 | D:2      | Found a shadowy altar of Dithmenos.
  1955 | D:2      | Reached XP level 5. HP: 45/47 MP: 5/5
  1959 | D:2      | Splashed by an orc wizard's acid

Levels and vault maps discovered:
D:1:      minmay_arrival_stone_box, layout_loops_ring, minmay_worlds_worst_comb
D:2:      layout_loops_corners, gammafunk_temple_overflow_arena, st_stairs_5,
          minmay_close_crescents

Skill      XL: |  1  2  3  4 |
---------------+-------------+-----
Axes           | 3 4 |  4.9
Fighting       | 4 |  4.5
Armour         | 4 |  4.1
Shields        | 4 |  4.1

Action                   |  1- 3 |  4- 6 || total
-------------------------+-------+-------++-------
Melee: War axe           |   124 |    79 ||   203
  Use: Potion            |       |     1 ||     1
  Eat: Chunk             |       |     3 ||     3
Armor: Scale mail        |    85 |    46 ||   131
Dodge: Dodged            |    41 |    25 ||    66
Block: Kite shield       |    92 |    39 ||   131

Table legend:
 A = Non-vault XP
 B = Vault XP
 C = Vault XP percentage of total XP
 D = Non-vault monster count
 E = Vault monster count
 F = Vault count percentage of total count
                 A         B        C        D         E       F
            +---------+---------+-------+---------+---------+-------
      Total |     117 |      99 |  45.8 |      54 |      18 |  25.0
            +---------+---------+-------+---------+---------+-------
        D:1 |      61 |      14 |  18.7 |      32 |       7 |  17.9
        D:2 |      56 |      85 |  60.3 |      22 |      11 |  33.3
            +---------+---------+-------+---------+---------+-------
